PAA
ASHEVILLE HIGHLANDERS @ MINNESOTA LOONS
07/30/2025
 
TOP OF THE 1ST
Asheville Highlanders batting - Pitching for Minnesota Loons : RHP Doruk Oyan
Pitching: RHP Doruk Oyan
Batting: LHB Jack Sutherland 0-0: Ball
1-0: Fly out, F9 (Flyball, 9)
Batting: LHB Luis Vicenteno 0-0: Ball
1-0: Swinging Strike
1-1: Ball
2-1: SOLO HOME RUN (Flyball, 89XD), Distance : 421 ft
Batting: RHB Ed Lastinger 0-0: Ball
1-0: Foul Ball, location: 2F
1-1: Ball
2-1: Foul Ball, location: 2F
2-2: Strikes out swinging
Batting: RHB Víctor López 0-0: Called Strike
0-1: SINGLE (Line Drive, 4MD)
Batting: RHB Moisés Quintana 0-0: Ball
1-0: Foul Ball, location: 2F
1-1: Called Strike
1-2: Foul Ball, location: 2F
1-2: Ball
2-2: Ball
3-2: SINGLE (Groundball, 6MD)
Víctor López to second
Víctor López to third
Batting: SHB Gonzalo Valentín Pickoff Throw to First - Out!
Top of the 1st over - 1 run(s), 3 hit(s), 0 error(s), 0 left on base; Asheville 1 - Minnesota 0
BOTTOM OF THE 1ST
Minnesota Loons batting - Pitching for Asheville Highlanders : RHP Valentín Montenegro
Pitching: RHP Valentín Montenegro
Batting: RHB Salvador Esparza 0-0: Bunted foul
0-1: Ball
1-1: Ball
2-1: DOUBLE (Line Drive, 8LD)
Batting: RHB Lytle Creek 0-0: Foul Ball, location: 2F
0-1: Foul Ball, location: 2F
0-2: Strikes out swinging
Batting: RHB Gonzalo Sánchez 0-0: Called Strike
0-1: Ball
1-1: Ground out 3-1 (Groundball, 34S)
Salvador Esparza to third
Batting: LHB José León 0-0: Ball
1-0: Called Strike
1-1: Ground out 6-3 (Groundball, 6)
Bottom of the 1st over - 0 run(s), 1 hit(s), 0 error(s), 1 left on base; Asheville 1 - Minnesota 0
TOP OF THE 2ND
Asheville Highlanders batting - Pitching for Minnesota Loons : RHP Doruk Oyan
Batting: SHB Gonzalo Valentín 0-0: Foul Ball, location: 2F
0-1: Ball
1-1: Called Strike
1-2: Strikes out swinging
Batting: RHB Paco Vásquez 0-0: Ball
1-0: Foul Ball, location: 2F
1-1: Ball
2-1: Ball
3-1: Base on Balls
Batting: SHB Javier Luna 0-0: DOUBLE (Groundball, 5L)
Paco Vásquez to third
Batting: RHB Héctor Gallegos 0-0: Ball
1-0: Called Strike
1-1: Ground out 5-3 (Groundball, 56S)
Paco Vásquez scores
Javier Luna to third
Batting: LHB Jack Sutherland 0-0: Ball
1-0: Ball
2-0: Foul Ball, location: 2F
2-1: Ball
3-1: Base on Balls
Batting: LHB Luis Vicenteno 0-0: Ball
1-0: Ball
2-0: Ball
3-0: Base on Balls
Jack Sutherland to second
Batting: RHB Ed Lastinger 0-0: Called Strike
0-1: Ball
1-1: Ball
2-1: Swinging Strike
2-2: Strikes out swinging
Top of the 2nd over - 1 run(s), 1 hit(s), 0 error(s), 3 left on base; Asheville 2 - Minnesota 0
BOTTOM OF THE 2ND
Minnesota Loons batting - Pitching for Asheville Highlanders : RHP Valentín Montenegro
Batting: RHB Bass Reeves 0-0: Called Strike
0-1: Ball
1-1: DOUBLE (Flyball, 78M)
Batting: RHB Dave Stockman 0-0: Ball
1-0: Ball
2-0: Fly out, F9 (Flyball, 9LMF)
Batting: RHB Jorge Gutiérrez 0-0: Called Strike
0-1: Swinging Strike
0-2: Ball
1-2: Ball
2-2: Ball
3-2: Foul Ball, location: 2F
3-2: Foul Ball, location: 2F
3-2: SINGLE (Line Drive, 3)
Bass Reeves to third
Batting: RHB D.C. Aiken 0-0: Ball
1-0: Swinging Strike
1-1: Called Strike
1-2: SINGLE (Groundball, 6MD)
Bass Reeves scores
Jorge Gutiérrez to second
Runner from 2nd tries for 3rd, SAFE, throw made to third
Batting: RHB Jorge Arreola 0-0: Ball
1-0: Swinging Strike
1-1: Foul Ball, location: 2F
1-2: Ground out 5-3 (Groundball, 56S)
Jorge Gutiérrez scores
D.C. Aiken to second
Batting: RHB Salvador Esparza 0-0: Foul Ball, location: 2F
0-1: DOUBLE (Line Drive, 8LXD)
D.C. Aiken scores
Batting: RHB Lytle Creek 0-0: Foul Ball, location: 2F
0-1: Called Strike
0-2: Fly out, F9 (Flyball, 9)
Bottom of the 2nd over - 3 run(s), 4 hit(s), 0 error(s), 1 left on base; Asheville 2 - Minnesota 3
TOP OF THE 3RD
Asheville Highlanders batting - Pitching for Minnesota Loons : RHP Doruk Oyan
Batting: RHB Víctor López 0-0: Ball
1-0: Foul Ball, location: 2F
1-1: Ball
2-1: Called Strike
2-2: Strikes out looking
Batting: RHB Moisés Quintana 0-0: Ball
1-0: Swinging Strike
1-1: Called Strike
1-2: Foul Ball, location: 2F
1-2: Ball
2-2: Fly out, F9 (Flyball, 9LMF)
Batting: SHB Gonzalo Valentín 0-0: Called Strike
0-1: Ball
1-1: Foul Ball, location: 2F
1-2: Fly out, F8 (Flyball, 8RS)
Top of the 3rd over - 0 run(s), 0 hit(s), 0 error(s), 0 left on base; Asheville 2 - Minnesota 3
BOTTOM OF THE 3RD
Minnesota Loons batting - Pitching for Asheville Highlanders : RHP Valentín Montenegro
Batting: RHB Gonzalo Sánchez 0-0: Ball
1-0: Called Strike
1-1: Ball
2-1: SOLO HOME RUN (Flyball, 78XD), Distance : 415 ft
Batting: LHB José León 0-0: Ball
1-0: Fly out, F7 (Flyball, 78D)
Batting: RHB Bass Reeves 0-0: DOUBLE (Flyball, 8LM)
Batting: RHB Dave Stockman 0-0: Ball
1-0: Ball
2-0: Called Strike
2-1: Ball
3-1: Foul Ball, location: 2F
3-2: Ground out 1-3 (Groundball, 15S)
Batting: RHB Jorge Gutiérrez 0-0: Ball
1-0: Called Strike
1-1: SINGLE (Line Drive, 8RS)
Bass Reeves to third
Runner from 3rd tries for Home, SAFE, no throw
Batting: RHB D.C. Aiken 0-0: Ball
1-0: SINGLE (Line Drive, 7S)
Jorge Gutiérrez to second
Batting: RHB Jorge Arreola 0-0: Ball
1-0: Ball
2-0: Ball
3-0: Base on Balls
Jorge Gutiérrez to third
D.C. Aiken to second
Batting: RHB Salvador Esparza 0-0: Ball
1-0: Ball
2-0: Ball
3-0: Called Strike
3-1: SINGLE (Groundball, 56D)
Jorge Gutiérrez scores
D.C. Aiken to third
Jorge Arreola to second
Runner from 3rd tries for Home, SAFE, no throw
Pitching: RHP Gus Gamble
Batting: RHB Lytle Creek 0-0: Ball
1-0: Fly out, F7 (Line Drive, 7)
Bottom of the 3rd over - 4 run(s), 5 hit(s), 0 error(s), 2 left on base; Asheville 2 - Minnesota 7
TOP OF THE 4TH
Asheville Highlanders batting - Pitching for Minnesota Loons : RHP Doruk Oyan
Batting: RHB Paco Vásquez 0-0: Ball
1-0: Ball
2-0: SINGLE (Groundball, 5D)
Batting: SHB Javier Luna 0-0: Ball
1-0: Grounds into double play, 6-4-3 (Groundball, 6)
Batting: RHB Héctor Gallegos 0-0: Ground out 5-3 (Groundball, 5D)
Top of the 4th over - 0 run(s), 1 hit(s), 0 error(s), 0 left on base; Asheville 2 - Minnesota 7
BOTTOM OF THE 4TH
Minnesota Loons batting - Pitching for Asheville Highlanders : RHP Gus Gamble
Batting: RHB Gonzalo Sánchez 0-0: Ball
1-0: Ball
2-0: Ball
3-0: Called Strike
3-1: SINGLE (Flyball, 8RS)
Batting: LHB José León 0-0: Ball
1-0: Ball
2-0: Fly out, F7 (Flyball, 7LS)
Batting: RHB Bass Reeves 0-0: Called Strike
0-1: Ball
1-1: Fly out, F8 (Flyball, 8LS)
Batting: RHB Dave Stockman 0-0: Called Strike
0-1: Fielders Choice at 2nd, 6-4 (Groundball, 6)
Bottom of the 4th over - 0 run(s), 1 hit(s), 0 error(s), 0 left on base; Asheville 2 - Minnesota 7
TOP OF THE 5TH
Asheville Highlanders batting - Pitching for Minnesota Loons : RHP Doruk Oyan
Batting: LHB Jack Sutherland 0-0: Called Strike
0-1: Swinging Strike
0-2: Ball
1-2: Strikes out swinging
Batting: LHB Luis Vicenteno 0-0: Ball
1-0: Ball
2-0: Ball
3-0: Base on Balls
Batting: RHB Ed Lastinger 0-0: Called Strike
0-1: Called Strike
0-2: Grounds into double play, 4-6-3 (Groundball, 4)
Top of the 5th over - 0 run(s), 0 hit(s), 0 error(s), 0 left on base; Asheville 2 - Minnesota 7
BOTTOM OF THE 5TH
Minnesota Loons batting - Pitching for Asheville Highlanders : RHP Gus Gamble
Batting: RHB Jorge Gutiérrez 0-0: Ball
1-0: Fly out, F9 (Line Drive, 89M)
Batting: RHB D.C. Aiken 0-0: Ground out 5-3 (Groundball, 5L)
Batting: RHB Jorge Arreola 0-0: Ball
1-0: Ball
2-0: Called Strike
2-1: Ball
3-1: Foul Ball, location: 2F
3-2: Base on Balls
Batting: RHB Salvador Esparza 0-0: Foul Ball, location: 2F
0-1: Foul Ball, location: 2F
0-2: Fly out, F9 (Flyball, 9LD)
Bottom of the 5th over - 0 run(s), 0 hit(s), 0 error(s), 1 left on base; Asheville 2 - Minnesota 7
TOP OF THE 6TH
Asheville Highlanders batting - Pitching for Minnesota Loons : RHP Doruk Oyan
Batting: RHB Víctor López 0-0: DOUBLE (Line Drive, 8LXD)
Batting: RHB Moisés Quintana 0-0: Called Strike
0-1: Ball
1-1: Foul Ball, location: 2F
1-2: Ground out 6-3 (Groundball, 6)
Víctor López to third
Batting: SHB Gonzalo Valentín 0-0: Foul Ball, location: 2F
0-1: Ball
1-1: Foul Ball, location: 2F
1-2: Fly out, F8 (Flyball, 8RS)
Batting: RHB Paco Vásquez 0-0: Called Strike
0-1: Ball
1-1: Ball
2-1: Fly out, F8 (Flyball, 8LD)
Top of the 6th over - 0 run(s), 1 hit(s), 0 error(s), 1 left on base; Asheville 2 - Minnesota 7
BOTTOM OF THE 6TH
Minnesota Loons batting - Pitching for Asheville Highlanders : RHP Gus Gamble
Batting: RHB Lytle Creek 0-0: Ball
1-0: Ball
2-0: Ball
3-0: Called Strike
3-1: SINGLE (Line Drive, 89S)
Batting: RHB Gonzalo Sánchez 0-0: Ball
Lytle Creek steals 2nd base
1-0: Ball
2-0: Called Strike
2-1: Ball
3-1: Ground out 5-3 (Groundball, 56S)
Lytle Creek to third
Batting: LHB José León 0-0: Ball
1-0: Ball
2-0: Called Strike
2-1: Foul Ball, location: 2F
2-2: Strikes out swinging
Batting: RHB Bass Reeves 0-0: Called Strike
0-1: Called Strike
0-2: Ball
1-2: SINGLE (Groundball, 56D)
Lytle Creek scores
Batting: RHB Dave Stockman 0-0: Ball
1-0: Foul Ball, location: 2F
1-1: Foul Ball, location: 2F
1-2: Foul Ball, location: 2F
1-2: Ball
2-2: Fly out, F4 (Popup, 4D)
Bottom of the 6th over - 1 run(s), 2 hit(s), 0 error(s), 1 left on base; Asheville 2 - Minnesota 8
TOP OF THE 7TH
Asheville Highlanders batting - Pitching for Minnesota Loons : RHP Doruk Oyan
Batting: SHB Javier Luna 0-0: Foul Ball, location: 2F
0-1: Ball
1-1: Foul Ball, location: 2F
1-2: Strikes out swinging
Batting: RHB Héctor Gallegos 0-0: Ball
1-0: SINGLE (Flyball, 9LM)
Batting: LHB Jack Sutherland 0-0: Swinging Strike
0-1: Ball
1-1: Fielders Choice at 2nd, 4-6 (Groundball, 4)
Pitching: LHP Curtis Fields
Batting: LHB Luis Vicenteno 0-0: Foul Ball, location: 2F
0-1: Ball
1-1: Fly out, F9 (Flyball, 89XD)
Top of the 7th over - 0 run(s), 1 hit(s), 0 error(s), 1 left on base; Asheville 2 - Minnesota 8
BOTTOM OF THE 7TH
Minnesota Loons batting - Pitching for Asheville Highlanders : RHP Gus Gamble
Batting: RHB Jorge Gutiérrez 0-0: Ball
1-0: Foul Ball, location: 2F
1-1: Ball
2-1: Fly out, F9 (Flyball, 9LSF)
Batting: RHB D.C. Aiken 0-0: Called Strike
0-1: Ball
1-1: Ball
2-1: Foul Ball, location: 2F
2-2: Strikes out swinging, 2-3 out at first.
Batting: RHB Jorge Arreola 0-0: Ground out 6-3 (Groundball, 6)
Bottom of the 7th over - 0 run(s), 0 hit(s), 0 error(s), 0 left on base; Asheville 2 - Minnesota 8
TOP OF THE 8TH
Asheville Highlanders batting - Pitching for Minnesota Loons : LHP Curtis Fields
Batting: RHB Ed Lastinger 0-0: Called Strike
0-1: Ball
1-1: Ground out 6-3 (Groundball, 6M)
Batting: RHB Víctor López 0-0: Ball
1-0: Ball
2-0: Ball
3-0: Called Strike
3-1: Base on Balls
Batting: RHB Moisés Quintana 0-0: Foul Ball, location: 2F
0-1: Foul Ball, location: 2F
0-2: Grounds into double play, 4-6-3 (Groundball, 4)
Top of the 8th over - 0 run(s), 0 hit(s), 0 error(s), 0 left on base; Asheville 2 - Minnesota 8
BOTTOM OF THE 8TH
Minnesota Loons batting - Pitching for Asheville Highlanders : RHP Gus Gamble
Batting: RHB Salvador Esparza 0-0: Ball
1-0: Foul Ball, location: 2F
1-1: Foul Ball, location: 2F
1-2: Ball
2-2: Ball
3-2: Strikes out looking
Batting: RHB Lytle Creek 0-0: Foul Ball, location: 2F
0-1: Ground out 5-3 (Groundball, 5L)
Batting: RHB Gonzalo Sánchez 0-0: Fly out, F5 (Line Drive, 5)
Bottom of the 8th over - 0 run(s), 0 hit(s), 0 error(s), 0 left on base; Asheville 2 - Minnesota 8
TOP OF THE 9TH
Asheville Highlanders batting - Pitching for Minnesota Loons : LHP Curtis Fields
Batting: SHB Gonzalo Valentín 0-0: Ball
1-0: Ball
2-0: SINGLE (Groundball, 6MD)
Batting: RHB Paco Vásquez 0-0: Ball
1-0: Called Strike
1-1: Fly out, F9 (Flyball, 89S)
Batting: SHB Javier Luna 0-0: Ball
1-0: Fly out, F8 (Flyball, 8LS)
Batting: RHB Héctor Gallegos 0-0: Ball
1-0: Called Strike
1-1: Foul Ball, location: 2F
1-2: Foul Ball, location: 2F
1-2: Foul Ball, location: 2F
1-2: Ball
2-2: Foul Ball, location: 2F
2-2: Fly out, F4 (Line Drive, 4)
Top of the 9th over - 0 run(s), 1 hit(s), 0 error(s), 1 left on base; Asheville 2 - Minnesota 8
Friday, December 30th, 2016 - OOTP Baseball 17.12 Build 75